 Dungeon Crawl Stone Soup version 0.32-a0-630-g46d191b0ed (webtiles) character file.

Game seed: 1061661627299538372

171503 tilp the Bewitcher (level 17, -8/139 HPs)
             Began as a Vampire Enchanter on Mar 5, 2024.
             Was the Champion of Wu Jian.
             Killed by the raging water
             ... invoked by a water nymph
              (21 damage)
             ... on level 3 of the Shoals on Mar 6, 2024.
             The game lasted 01:35:31 (39636 turns).

tilp the Bewitcher (Vampire Enchanter)             Turns: 39636, Time: 01:35:31

Health: -8/139     AC: 15    Str:  9    XL:     17   Next: 39%
Magic:  4/30       EV: 22    Int: 24    God:    Wu Jian [******]
Gold:   1612       SH:  6    Dex: 19    Spells: 2/34 levels left

rFire   . . .        a - +8 dagger (flame)
rCold   . . .        O - +0 buckler
rNeg    . . .        C - +5 leather armour of Compassion {rElec Regen+ Dex+3}
rPois   +            j - +0 hat {Will+}
rElec   +            (no cloak)
rCorr   .            r - +2 pair of gloves {Stlth+}
SInv    +            p - +2 pair of boots
Will    ++...        S - amulet of magic regeneration
Stlth   +++++++      W - ring "Figh" {Fly rElec Str+2}
HPRegen 1.43/turn    D - +5 ring of evasion
MPRegen 0.62/turn

%: no passive effects
@: flying, healing quickly
A: alive, fangs 3, see invisible, vampiric 2, horns 1, poison resistance
a: Exsanguinate, Renounce Religion, Wall Jump, Serpent's Lash, Heavenly Storm


You were on level 3 of the Shoals.
You worshipped Wu Jian.
Wu Jian was exalted by your worship.
You visited 6 branches of the dungeon, and saw 30 of its levels.
You visited 1 bazaar.
You also visited: Gauntlet, Ice Cave and Volcano.

You collected 3797 gold pieces.
You spent 2185 gold pieces at shops.

Inventory:

Hand Weapons
 a - a +8 dagger of flaming (weapon)
 g - a +4 dagger of draining
 i - a +3 scimitar of flaming
Missiles
 n - 39 boomerangs (quivered)
 q - 9 javelins
 v - 34 poisoned darts
 x - 6 curare-tipped darts {!f}
 B - 2 throwing nets {!f}
 G - 3 atropa-tipped darts
Armour
 j - a +0 hat of willpower (worn)
 p - a +2 pair of boots (worn)
 r - a +2 pair of gloves of stealth (worn)
 C - the +5 leather armour of Compassion (worn) {rElec Regen+ Dex+3}
   (You bought it in a shop on level 2 of the Orcish Mines)

   Dex+3:     It affects your dexterity (+3).
   rElec:     It insulates you from electricity.
   Regen+:    It increases your rate of health regeneration.
 M - a +2 kite shield
 O - a +0 buckler (worn)
 R - a +2 helmet of intelligence
Jewellery
 t - a ring of protection from cold
 A - the ring "Nitikly" {rElec rPois rF+ Will+}
   (You found it on level 1 of the Snake Pit)

   [ring of poison resistance]

   rF+:       It protects you from fire.
   rElec:     It insulates you from electricity.
   rPois:     It protects you from poison.
   Will+:     It increases your willpower.
 D - a +5 ring of evasion (right hand)
 S - an amulet of magic regeneration (around neck)
 W - the ring "Figh" (left hand) {Fly rElec Str+2}
   (You bought it in a shop on level 2 of the Orcish Mines)

   [ring of flight]

   Str+2:     It affects your strength (+2).
   rElec:     It insulates you from electricity.
   Fly:       It grants you flight.
Wands
 u - a wand of charming (28)
 w - a wand of light (6)
 y - a wand of iceblast (32)
 E - a wand of flame (43)
 L - a wand of mindburst (21)
 U - a wand of polymorph (9)
Scrolls
 b - 2 scrolls of blinking
 z - 3 scrolls of poison
 F - a scroll of revelation
 H - 2 scrolls of vulnerability
 I - 5 scrolls of fog
 P - 2 scrolls of butterflies
 Q - 2 scrolls of fear
 X - 5 scrolls of teleportation
 Y - a scroll of identify
Potions
 c - a potion of invisibility
 d - 6 potions of haste
 e - a potion of heal wounds
 f - 13 potions of curing
 h - 8 potions of resistance
 k - 8 potions of enlightenment
 m - 2 potions of cancellation
 o - 6 potions of attraction
 s - 2 potions of ambrosia
 J - 3 potions of magic
 K - 2 potions of lignification
 N - 2 potions of mutation
Miscellaneous
 l - a phial of floods
 V - a tin of tremorstones (2/2)
 Z - a sack of spiders (inert)


   Skills:
 - Level 14.0 Fighting
 - Level 7.2(11.8) Short Blades
 - Level 13.3(14.0) Long Blades
 - Level 2.0 Throwing
 - Level 4.5 Armour
 - Level 10.0 Dodging
 - Level 15.0 Stealth
 - Level 6.0 Shields
 - Level 9.0 Spellcasting
 - Level 2.0 Conjurations
 + Level 17.9 Hexes
 - Level 2.0 Summonings
 - Level 2.0 Ice Magic
 - Level 2.0 Alchemy
 - Level 10.0 Evocations


You had 2 spell levels left.
You knew the following spells:

 Your Spells              Type           Power      Damage    Failure   Level
a - Ensorcelled Hibernat  Hex/Ice        100%       N/A       1%          2
b - Confusing Touch       Hex            77%        N/A       1%          3
c - Tukima's Dance        Hex            77%        N/A       1%          3
d - Dazzling Flash        Conj/Hex       100%       N/A       1%          3
e - Cause Fear            Hex            38%        N/A       1%          4
f - Enfeeble              Hex            38%        N/A       6%          7
g - Yara's Violent Unrav  Hex/Alch       27%        3d12      5%          5
h - Summon Mana Viper     Hex/Summ       55%        N/A       5%          5

Your spell library contained the following spells:

 Spells                   Type           Power      Damage    Failure   Level
 Jinxbite                 Hex            100%       N/A       0%          2
 Foxfire                  Conj/Fire      60%        2x1d7     8%          1
 Shock                    Conj/Air       60%        1d6       8%          1
 Apportation              Tloc           20%        N/A       11%         1
 Cigotuvi's Dreadful Rot  Necr/Alch/Air  26%        N/A       13%         2
 Anguish                  Hex/Necr       26%        N/A       2%          4
 Ozocubu's Armour         Ice            20%        N/A       14%         3
 Mephitic Cloud           Conj/Alch/Air  17%        N/A       21%         3
 Fugue of the Fallen      Necr           10%        N/A       32%         3
 Gell's Gravitas          Tloc           10%        N/A       32%         3
 Teleport Other           Tloc           10%        N/A       32%         3
 Volatile Blastmotes      Fire/Tloc      20%        2d11      32%         3
 Manifold Assault         Tloc           10%        N/A       73%         4
 Passage of Golubria      Tloc           10%        N/A       73%         4
 Vhi's Electric Charge    Tloc/Air       20%        N/A       73%         4
 Alistair's Intoxication  Alch           13%        N/A       80%         5
 Arcjolt                  Conj/Air       7%         1d17      90%         5
 Summon Forest            Summ/Tloc      7%         N/A       90%         5
 Dispersal                Tloc           5%         N/A       100%        6
 Eringya's Noxious Bog    Alch           10%        4d6       100%        6
 Plasma Beam              Fire/Air       5%         2x1d15    100%        6
 Starburst                Conj/Fire      7%         6d4       100%        6
 Summon Cactus Giant      Summ           10%        N/A       100%        6
 Summon Hydra             Summ           10%        N/A       100%        7
 Disjunction              Tloc           5%         N/A       100%        8
 Maxwell's Capacitive Co  Air            5%         ∞         100%        8


Dungeon Overview and Level Annotations

Branches:
Dungeon (15/15)            Temple (1/1) D:5            Lair (5/5) D:11
 Shoals (3/4) Lair:3        Snake (4/4) Lair:2        Slime (0/5) Lair:5
    Orc (2/2) D:10            Elf (0/3) Orc:2        Vaults (0/5) D:13
 Depths (0/4) D:15          IceCv (visited)         Volcano (visited)
Gauntlet (visited)

Altars:
Ashenzari
Cheibriados
Dithmenos
Fedhas
Gozag
Hepliaklqana
Kikubaaqudgha
Makhleb
Nemelex Xobeh
Okawaru
Qazlal
Ru
Sif Muna
Trog
Uskayaw
Vehumet
Wu Jian
Xom
Yredelemnul
Jiyva

Shops:
D:6 *   D:9 *   Orc:1 =   Orc:2 [[==*=

Portals:
Abyss: D:10

Annotations:
D:10 4 transporters (abyss vault, fire vault), Nico3ck's ghost, journeyman CoGl
D:13 3 runed translucent doors, Xahacwic's ghost, journeyman MiFi
D:15 3 runed translucent doors, Mll's ghost, journeyman MiFi
Snake:4 Vashnia!, Vashnia


Innate Abilities, Weirdness & Mutations

Your natural rate of healing is accelerated.
You have razor-sharp teeth.
You have supernaturally acute eyesight. (SInv)
You are afflicted with vampirism and can become a bat while bloodless.
You have a pair of small horns on your head.
Your system is resistant to poisons. (rPois)


Message History

Unknown command.
Unknown command.
Unknown command.
Casting: Cause Fear (safe; 1% risk of failure)
Confirm with . or Enter, or press ? or * to list all spells.
Aiming: Enfeeble (dangerous; 6% risk of failure)
Press: ? - help, Shift-Dir - straight line, f - water nymph
Aim: a water nymph (lightly wounded, will inflict weakness and antimagic, chance to daze and blind: 63%)
The water nymph partially resists.
The water nymph is enfeebled!
The merfolk attempts to regain its composure.
You block the water nymph's attack.
The sea snake bites you but does no damage.
Unknown command.
Unknown command.
Casting: Enfeeble (dangerous; 6% risk of failure)
Confirm with . or Enter, or press ? or * to list all spells.
Aiming: Enfeeble (dangerous; 6% risk of failure)
Press: ? - help, Shift-Dir - straight line, f/p - water nymph
Aim: a water nymph (lightly wounded, weak, magic disrupted, will inflict weakness and antimagic, chance to daze and blind: 63%)
The water nymph partially resists.
The water nymph is enfeebled!
You block the sea snake's attack. The water nymph touches you.
The water nymph drowns you!
* * * LOW HITPOINT WARNING * * *
Unknown command.
Unknown command.
Casting: Enfeeble (dangerous; 6% risk of failure)
Confirm with . or Enter, or press ? or * to list all spells.
You don't have enough magic to cast this spell.
Unknown command.
Unknown command.
Casting: Enfeeble (dangerous; 6% risk of failure)
Confirm with . or Enter, or press ? or * to list all spells.
Aiming: Ensorcelled Hibernation (safe; 1% risk of failure)
Press: ? - help, Shift-Dir - straight line, f/p - water nymph
Aim: a water nymph (lightly wounded, weak, magic disrupted, chance to affect: 10%)
The water nymph resists with almost no effort.
The sea snake closely misses you.
The water nymph gestures at you while chanting.
The water rises up and strikes you!!
You die...

~~≈≈≈≈≈≈~~~~~≈≈≈≈≈P~~P~P~
~~~≈≈≈≈~~~~~≈≈≈≈≈≈≈~~m~P~P
~~~~~~~~.~~~~P≈≈≈≈≈~~~~~~.
≈≈~~~..~.~~~~~≈≈3≈≈~~3~~..
≈~~~~...~.~PP~≈≈≈≈~~~~..#
≈~~~..###..~P~~P~≈~~~~..##
≈~~~~.###..P...~~~~~~~....
≈~~~~~†#....###S~m~~..#
≈~~~~~~~PPP## ##@#~~).#
≈≈~~~.~~.P.# ####mS.## .
≈≈~~~.....## #3~..###.>.#
≈≈~~~[##### #####~~~.......#
≈≈≈~~~.# ######..~~~m~~..>....
≈≈≈~~~.###.P....~~~~~~~~~.....
≈≈≈~~~~........~P3~c~~~~~~~~~?
≈≈≈≈~~~~..~P~P..c~c.c~~~~~~~~~
≈≈≈≈≈~~~~~P~PPP..##?.c~~~~..~~


You could see a sea snake, a merfolk (fleeing), 2 sun demons and a water nymph
(weak, magic disrupted).

Vanquished Creatures
  Rupert (D:12)
  2 nagarajas
  An orc warlord (Orc:1)
  A very ugly thing (D:14)
  A formless jellyfish (Shoals:3)
  Nessos (D:12)
  A red draconian (Volcano)
  A minotaur (Gauntlet)
  A merfolk javelineer (Shoals:2)
  A fire dragon (D:13)
  A yaktaur captain (D:14)
  Erolcha (D:13)
  5 hydras
  A rakshasa (D:15)
  4 boulder beetles
  4 merfolk avatars
  7 anacondas
  2 catoblepae
  10 centaur warriors
  A satyr (Shoals:2)
  An alligator snapping turtle (Shoals:3)
  9 two-headed ogres
  2 orc high priests (Orc:2)
  4 tengu warriors
  4 naga warriors
  A thrashing horror (Gauntlet)
  4 shock serpents
  3 skeletal warriors (D:13)
  8 skysharks
  5 naga sharpshooters
  2 salamander mystics
  4 sea snakes
  3 naga ritualists
  A phantasmal warrior (D:14)
  2 mana vipers (Snake:1)
  Pikel (D:5)
  A deep elf zephyrmancer (D:15)
  2 necromancers
  19 harpies
  5 deep elf pyromancers
  7 orc knights
  7 ugly things
  A wolf spider zombie (D:15)
  10 orc sorcerers
  A meliai (D:14)
  4 cyclopes
  9 manticores
  A meliai (shapeshifter) (D:13)
  8 salamanders
  2 ice statues (IceCv)
  15 elephants
  11 fauns
  2 kobold blastminers (Orc:2)
  3 merfolk sirens
  5 guardian serpents
  10 cane toads
  2 torpor snails
  6 naga magi
  3 water nymphs
  7 gargoyles
  25 black mambas
  An unseen horror (D:9)
  7 rime drakes
  2 molten gargoyles (Volcano)
  2 kobold demonologists
  12 komodo dragons
  An efreet (Volcano)
  2 centaur skeletons (D:15)
  2 tengu conjurers (D:14)
  3 freezing wraiths
  4 polar bears
  6 trolls
  5 wind drakes
  8 merfolk
  5 hornets
  A harpy zombie (D:15)
  3 glass eyes
  A blink frog (shapeshifter) (D:13)
  4 dream sheep (Lair:5)
  16 blink frogs
  9 snapping turtles
  A vampire (D:11)
  3 water elementals (D:15)
  A centaur simulacrum (D:14)
  4 slime creatures
  Sigmund (D:2)
  A small abomination (Gauntlet)
  2 wraiths
  37 yaks
  A shadow (D:12)
  14 spriggans
  3 wyverns
  3 fire bats (Lair:1)
  A human (shapeshifter) (D:14)
  Eustachio (D:5)
  4 basilisks
  3 wargs (Orc:2)
  3 steam dragons (Shoals:2)
  14 vampire mosquitoes
  5 acid dragons
  18 nagas
  15 water moccasins
  Duvessa (D:5)
  A hornet zombie (D:15)
  3 ice beasts
  10 orc warriors
  6 black bears
  5 boggarts
  2 laughing skulls (D:13)
  6 ogres
  13 centaurs
  31 wolves
  2 phantoms
  4 lemures (D:5)
  8 kobold brigands
  14 bullfrogs
  2 gnoll sergeants
  A scorpion (D:7)
  A wight (D:9)
  Dowan (D:5)
  4 killer bees (D:10)
  3 elephant simulacra (IceCv)
  6 electric eels
  A vampire bat (D:9)
  12 howler monkeys
  3 hounds
  16 orc priests
  2 jellies (D:6)
  Jessica (D:2)
  2 iguanas (D:7)
  5 hell rats (Lair:4)
  29 orc wizards
  2 sleepcaps
  8 gnolls
  11 adders
  A river rat (D:6)
  A shadow imp (D:7)
  6 ufetubi
  2 dart slugs
  49 orcs
  2 ball pythons
  5 bat skeletons (D:9)
  A bat zombie (D:9)
  7 endoplasms
  8 giant cockroaches
  11 goblins
  9 hobgoblins
  7 jackals (D:1)
  5 quokkas
  6 bats
  3 frilled lizards
  18 kobolds
  2 rats
855 creatures vanquished.

Vanquished Creatures (collateral kills)
  A centaur warrior (D:14)
  An orc high priest (Orc:2)
  A naga sharpshooter (Snake:3)
  A faun (Shoals:2)
  A salamander (Snake:4)
  A naga (Snake:4)
  3 orc warriors
  3 wolves (Lair:1)
  2 wights (D:9)
  3 orcs
17 creatures vanquished.

Vanquished Creatures (others)
  An ogre mage (D:14)
  2 dancing weapons (Snake:3)
  A naga (Snake:2)
  A small abomination (Gauntlet)
  A centaur (D:13)
  An orc wizard (D:7)
7 creatures vanquished.

Grand Total: 879 creatures vanquished

Notes
Turn   | Place    | Note
-------+----------+-------------------------------------------
     0 | D:1      | tilp the Vampire Enchanter began the quest for the Orb.
     0 | D:1      | Reached XP level 1. HP: 13/13 MP: 3/3
   235 | D:1      | Reached XP level 2. HP: 19/20 MP: 5/5
   239 | D:1      | Learned a level 2 spell: Ensorcelled Hibernation
   695 | D:1      | Reached skill level 1 in Fighting
   695 | D:1      | Gained mutation: You are afflicted with vampirism and can
                  | become a bat while bloodless. [Vampire growth]
   695 | D:1      | Reached XP level 3. HP: 26/26 MP: 6/6
   700 | D:1      | Learned a level 3 spell: Confusing Touch
  1160 | D:2      | Found a faded altar of an unknown god.
  1192 | D:2      | Noticed Jessica
  1200 | D:2      | Killed Jessica
  1201 | D:2      | Reached skill level 1 in Long Blades
  1201 | D:2      | Reached XP level 4. HP: 32/32 MP: 2/7
  1351 | D:2      | Noticed Sigmund
  1445 | D:2      | Killed Sigmund
  1446 | D:2      | Reached skill level 5 in Stealth
  1446 | D:2      | Reached skill level 5 in Hexes
  1446 | D:2      | Reached skill level 1 in Ice Magic
  1446 | D:2      | Reached XP level 5. HP: 27/38 MP: 3/8
  2369 | D:3      | Reached XP level 6. HP: 44/44 MP: 6/9
  2837 | D:3      | Learned a level 3 spell: Tukima's Dance
  3938 | D:4      | Found a basalt altar of Yredelemnul.
  4207 | D:5      | Entered Level 5 of the Dungeon
  4401 | D:5      | Found a staircase to the Ecumenical Temple.
  4408 | D:5      | Reached XP level 7. HP: 51/51 MP: 6/11
  4413 | Temple   | Entered the Ecumenical Temple
  4454 | D:5      | Found a hide-covered altar of Uskayaw.
  4621 | D:5      | Noticed Duvessa
  4623 | D:5      | Noticed Dowan
  4624 | D:5      | Killed Duvessa
  4626 | D:5      | Killed Dowan
  4688 | D:5      | Reached skill level 6 in Hexes
  4865 | D:5      | Noticed Pikel
  5037 | D:5      | Killed Pikel
  5038 | D:5      | Reached skill level 1 in Evocations
  5038 | D:5      | Reached XP level 8. HP: 53/60 MP: 5/13
  5253 | D:5      | Noticed Eustachio
  5260 | D:5      | Killed Eustachio
  5305 | D:5      | Found a faded altar of an unknown god.
  5305 | D:5      | Found the Hermit's Pendant {Faith Invo=14 Evo=0 MP+5}
  5533 | D:6      | Found a glowing drain.
  5636 | D:6      | Found Kayggui's Overcharged Wands.
  5759 | D:6      | Reached skill level 5 in Long Blades
  5900 | D:6      | Reached skill level 7 in Hexes
  5900 | D:6      | Reached XP level 9. HP: 67/67 MP: 10/15
  6208 | D:7      | Reached skill level 5 in Fighting
  6297 | D:7      | Found an ornate altar of the Wu Jian Council.
  6383 | D:7      | Became a worshipper of the Wu Jian Council
  6815 | D:7      | Found an opulent altar of Gozag.
  6959 | D:7      | Found a blossoming altar of Fedhas.
  6960 | D:7      | Found a shimmering blue altar of Sif Muna.
  7352 | D:8      | Reached skill level 5 in Short Blades
  7748 | D:8      | Found a faded altar of an unknown god.
  7784 | D:8      | Found a faded altar of an unknown god.
  7784 | D:8      | Found a hazy altar of Hepliaklqana.
  7910 | D:8      | Found a shimmering altar of Xom.
  7947 | D:8      | Reached skill level 8 in Hexes
  7948 | D:8      | Reached * piety under Wu Jian
  7949 | D:8      | Reached XP level 10. HP: 76/76 MP: 12/17
  8101 | D:8      | Identified the +9 mace of Wondrous Power {heavy, Dex+9}
  8294 | D:9      | Found an ancient bone altar of Kikubaaqudgha.
  8550 | D:9      | Found Vieruog's Assorted Antiques.
  8570 | D:9      | Learned a level 3 spell: Dazzling Flash
  8664 | D:9      | Bought a sedimented yellow potion for 27 gold pieces
  8760 | D:9      | Found a bloodstained altar of Trog.
  8853 | D:9      | Reached skill level 5 in Spellcasting
  9403 | D:9      | Bought a scroll of blinking for 225 gold pieces
  9403 | D:9      | Bought a buckler for 135 gold pieces
  9403 | D:9      | Bought a scroll of identify for 60 gold pieces
  9448 | D:10     | Entered Level 10 of the Dungeon
  9448 | D:10     | Found a burning altar of Makhleb.
  9526 | D:10     | Found a staircase to the Orcish Mines.
  9578 | D:10     | Found a transporter.
  9689 | D:10     | Found a transporter.
  9800 | D:10     | Reached ** piety under Wu Jian
  9964 | D:10     | Found a transporter.
  9969 | D:10     | Noticed a skeletal warrior
  9970 | D:10     | Found a one-way gate to the infinite horrors of the Abyss.
  9970 | D:10     | Noticed Nico3ck's ghost (journeyman CoGl)
  9975 | D:10     | Found a transporter.
  9977 | D:10     | Noticed a large abomination
 10401 | D:10     | Noticed a fire crab
 10441 | D:11     | Found a staircase to the Lair.
 10441 | D:11     | Noticed a two-headed ogre
 10447 | D:11     | Killed a two-headed ogre
 10448 | D:11     | Reached skill level 1 in Shields
 10448 | D:11     | Reached skill level 1 in Conjurations
 10462 | D:11     | Found a gate leading to a gauntlet.
 10484 | Gauntlet | Entered a Gauntlet
 10484 | Gauntlet | Found a transporter.
 10514 | Gauntlet | Found a transporter.
 10517 | Gauntlet | Noticed a large abomination
 10519 | Gauntlet | Found a runed translucent door.
 10519 | Gauntlet | Found a runed translucent door.
 10524 | Gauntlet | Found a transporter.
 10527 | Gauntlet | Found a transporter.
 10530 | Gauntlet | Noticed a death scarab
 10531 | Gauntlet | Noticed a death scarab
 10532 | Gauntlet | Noticed a spectral catoblepas
 10536 | Gauntlet | Found a transporter.
 10551 | Gauntlet | Noticed a quicksilver ooze
 10557 | Gauntlet | Found a transporter.
 10565 | Gauntlet | Found a transporter.
 10566 | Gauntlet | Noticed a fire crab
 10572 | Gauntlet | Noticed a thrashing horror
 10576 | Gauntlet | Found a transporter.
 10578 | Gauntlet | Noticed a thrashing horror
 10590 | Gauntlet | Found a transporter.
 10604 | Gauntlet | Found a transporter.
 10609 | Gauntlet | Noticed a shining eye
 10614 | Gauntlet | Found a transporter.
 10615 | Gauntlet | Found a transporter.
 10617 | Gauntlet | Found a transporter.
 10656 | Gauntlet | Found a transporter.
 10892 | Gauntlet | Noticed an ice statue
 11291 | Gauntlet | Gained mutation: You occasionally shout uncontrollably at
                  | your foes. [a shining eye]
 11407 | Gauntlet | Killed a thrashing horror
 11408 | Gauntlet | Reached XP level 11. HP: 80/84 MP: 15/18
 11414 | Gauntlet | Reached skill level 10 in Stealth
 11434 | Gauntlet | Got the Precepts of the Squall
 11479 | Gauntlet | Noticed a minotaur
 11501 | Gauntlet | Killed a minotaur
 11658 | Gauntlet | Identified the +0 cloak of Qagomoesch {Harm Str-2 Slay+4
                  | SInv}
 12150 | D:11     | Noticed a two-headed ogre
 12178 | D:11     | Learned a level 4 spell: Cause Fear
 12426 | D:11     | Killed a two-headed ogre
 12844 | Lair:1   | Entered Level 1 of the Lair of Beasts
 12929 | Lair:1   | Reached *** piety under Wu Jian
 12979 | Lair:1   | Reached skill level 10 in Long Blades
 13231 | Lair:1   | HP: 4/86 [wolf (6)]
 13298 | Lair:1   | Found a dark tunnel.
 13342 | Volcano  | Entered a volcano
 13683 | Volcano  | Reached XP level 12. HP: 84/92 MP: 15/19
 13958 | Volcano  | Noticed an orb of fire
 14062 | Volcano  | Noticed a red draconian
 14088 | Volcano  | Killed a red draconian
 14148 | Volcano  | Noticed an orb of fire
 14754 | Lair:1   | Reached **** piety under Wu Jian
 15976 | Lair:2   | Reached skill level 1 in Armour
 16580 | Lair:2   | Found a staircase to the Snake Pit.
 16587 | Lair:2   | Reached skill level 9 in Hexes
 17194 | Lair:3   | Noticed a four-headed hydra
 17314 | Lair:3   | Reached XP level 13. HP: 98/99 MP: 9/21
 17511 | Lair:3   | Found a staircase to the Shoals.
 17605 | Lair:3   | Reached skill level 5 in Dodging
 17702 | Lair:3   | Reached skill level 10 in Hexes
 18094 | Lair:3   | Reached skill level 5 in Evocations
 18341 | Lair:3   | Learned a level 7 spell: Enfeeble
 19084 | Lair:4   | Reached skill level 1 in Throwing
 19325 | Lair:4   | Reached ***** piety under Wu Jian
 19326 | Lair:4   | Reached skill level 11 in Hexes
 19886 | Lair:5   | Entered Level 5 of the Lair of Beasts
 20835 | Lair:5   | HP: 2/103 [spriggan rider/+0 spear (24)]
 20840 | Lair:4   | HP: 4/103 [wolf (4)]
 21165 | Lair:4   | Reached XP level 14. HP: 18/109 MP: 18/23
 21570 | Lair:5   | Reached skill level 12 in Hexes
 21591 | Lair:5   | Reached skill level 10 in Fighting
 21612 | Lair:5   | Paralysed by a hornet for 2 turns
 21888 | Lair:5   | Found a staircase to the Slime Pits.
 21889 | Lair:5   | Found a viscous altar of Jiyva.
 22460 | Lair:5   | Identified the +1 orcbow of Change {freeze, rF+}
 22602 | Orc:1    | Entered Level 1 of the Orcish Mines
 22608 | Orc:1    | Found Emnorghu's Jewellery Boutique.
 22834 | Orc:2    | Entered Level 2 of the Orcish Mines
 22834 | Orc:2    | Found Gittiusi's Jewellery Shoppe.
 23226 | Orc:2    | Found Solydgh's CLEARANCE SALE!.
 23354 | Orc:2    | Found a staircase to the Elven Halls.
 23610 | Orc:2    | Found Merchael's Antique Armour Boutique.
 23619 | Orc:2    | Bought a warped leather armour for 217 gold pieces
 23619 | Orc:2    | Identified the +5 leather armour of Compassion {rElec
                  | Regen+ Dex+3} (You bought it in a shop on level 2 of the
                  | Orcish Mines)
 23963 | Orc:2    | Found Vounasor's Distillery.
 24630 | Orc:2    | Found Mites's Armour Shoppe.
 24642 | Orc:2    | Found Piemeoss's Jewellery Shoppe.
 24694 | Orc:2    | Found Ykhlauh's Jewellery Shop.
 24754 | Orc:1    | Noticed an orc warlord
 24949 | Orc:1    | Killed an orc warlord
 25342 | Orc:2    | Bought a pair of runed gloves for 232 gold pieces
 25395 | Orc:2    | Bought the ring "Figh" {Fly rElec Str+2} for 535 gold
                  | pieces
 25693 | D:12     | Reached ****** piety under Wu Jian
 25743 | D:12     | Found a frozen archway.
 25783 | IceCv    | Entered an ice cave
 25786 | IceCv    | Found a transporter.
 25885 | IceCv    | Found a transporter.
 25901 | IceCv    | Identified the amulet of the Lonely Hells {Acrobat ^Contam
                  | Harm Dex+2}
 25949 | D:12     | Noticed Nessos
 25961 | D:12     | Killed Nessos
 26423 | D:12     | Noticed Rupert
 26599 | D:12     | Killed Rupert
 26764 | D:13     | Reached XP level 15. HP: 120/120 MP: 7/25
 26876 | D:13     | Found a gate to the Vaults.
 27073 | D:13     | Noticed Erolcha
 27080 | D:13     | Killed Erolcha
 27280 | D:13     | Found a runed translucent gate.
 27280 | D:13     | Found a runed translucent gate.
 27280 | D:13     | Found a runed translucent gate.
 27418 | D:13     | Noticed Xahacwic's ghost (journeyman MiFi)
 27997 | D:13     | Upgraded the game from 0.32-a0-614-gd166fa89d2 to
                  | 0.32-a0-630-g46d191b0ed
 28113 | D:14     | Reached skill level 13 in Hexes
 28686 | D:14     | Lost mutation: You occasionally shout uncontrollably at
                  | your foes. [potion of mutation]
 28686 | D:14     | Gained mutation: Your system is resistant to poisons.
                  | (rPois) [potion of mutation]
 28686 | D:14     | Gained mutation: You have a pair of small horns on your
                  | head. [potion of mutation]
 29328 | D:14     | Reached skill level 5 in Shields
 29665 | D:15     | Entered Level 15 of the Dungeon
 29847 | D:15     | Found a runed translucent gate.
 29847 | D:15     | Found a runed translucent gate.
 29847 | D:15     | Found a runed translucent gate.
 29898 | D:15     | Found an iron altar of Okawaru.
 29898 | D:15     | Noticed a frost giant
 29898 | D:15     | Noticed Mll's ghost (journeyman MiFi)
 30023 | D:15     | HP: 2/122 [wolf spider[a boggart] (17)]
 30165 | D:15     | Reached skill level 14 in Hexes
 30510 | D:15     | Found a staircase to the Depths.
 30618 | D:15     | Reached XP level 16. HP: 107/129 MP: 15/27
 30858 | Snake:1  | Entered Level 1 of the Snake Pit
 30951 | Snake:1  | Identified the +7 whip "Foinou" {venom, rPois Int+2}
 31777 | Snake:1  | Identified the ring "Nitikly" {rElec rPois rF+ Will+}
 34237 | Snake:3  | Reached skill level 15 in Hexes
 34529 | Snake:4  | Entered Level 4 of the Snake Pit
 36106 | Snake:4  | Reached skill level 10 in Dodging
 36490 | Snake:4  | Noticed Vashnia
 37169 | Shoals:1 | Entered Level 1 of the Shoals
 37389 | Shoals:1 | Identified the +1 leather armour of Zolew {-Tele Harm
                  | Regen+ rCorr}
 37798 | Shoals:1 | Reached skill level 16 in Hexes
 38171 | Shoals:2 | Reached XP level 17. HP: 139/139 MP: 29/29
 38210 | Shoals:2 | Found a flickering gateway to a bazaar.
 38274 | Bazaar   | Entered a bazaar
 38274 | Bazaar   | Found Feusibro's Distillery.
 38294 | Bazaar   | Found Fecwizy's Armour Shoppe.
 38298 | Bazaar   | Found Koduysus's Antique Weapon Boutique.
 38302 | Bazaar   | Found Ratiuf's Book Shop.
 38346 | Bazaar   | Found Zyngoegh's Assorted Antiques.
 38382 | Bazaar   | Bought a book of the Wilderness for 342 gold pieces
 38382 | Bazaar   | Bought Great Wizards, Vol. VII for 270 gold pieces
 38388 | Bazaar   | Learned a level 5 spell: Yara's Violent Unravelling
 38394 | Bazaar   | Learned a level 5 spell: Summon Mana Viper
 38430 | Bazaar   | Bought a scroll of blinking for 142 gold pieces
 38527 | Shoals:2 | Reached skill level 15 in Stealth
 38579 | Shoals:2 | Reached skill level 1 in Summonings
 38628 | Shoals:2 | Reached skill level 1 in Alchemy
 38866 | Shoals:2 | Reached skill level 10 in Evocations
 39426 | Shoals:2 | Reached skill level 17 in Hexes
 39636 | Shoals:3 | Killed from afar by a water nymph

Illustrated notes

Levels and vault maps discovered:
D:1:      roderic_chinese_lattice_arrival, layout_loops_corners
D:2:      kennysheep_six_static_rooms, layout_basic, serial_forest,
          infiniplex_forest_lined_ring, infiniplex_forest_corner_2,
          infiniplex_forest_lined_room_2, infiniplex_forest_clump_C,
          infiniplex_forest_clump_long, infiniplex_forest_lined_room_2,
          infiniplex_forest_clump_C, nicolae_ecumenical_oubliette, minivault_4,
          uniq_jessica, uniq_sigmund
D:3:      layout_basic, st_stairs_8
D:4:      layout_layer_cave, mainiacjoe_overflow_surrounded_room
D:5:      layout_rooms, tso_metal_star, old_standard_altar,
          minmay_temple_entry_proselytizer, kennysheep_diamond,
          hellmonk_guarded_unrand_hermit, uniq_eustachio, uniq_duvessa,
          uniq_pikel
D:6:      kennysheep_spiral_hall, layout_rooms, gup_sewer_entry_bubbles,
          minmay_misc_feat_doors, nicolae_shop_overcharged_wands
D:7:      layout_basic, lemuel_crystal_altar, mainiacjoe_overflow_divided_tiny,
          grunt_gozag_breadcrumbs
D:8:      layout_basic, nicolae_hepliaklqana_ecumenical_no_more,
          mainiacjoe_overflow_chevrons, item_on_display_a
D:9:      layout_gridville, mainiacjoe_overflow_catwalk,
          kennysheep_vampire_church, serial_shops, shop
D:10:     gammafunk_cloud_chamber, layout_irregular_city, amcnicky_altar_gilded,
          orc_0_dummy, gammafunk_ghost_abyssal_escape,
          nicolae_figureground_sparkle
D:11:     layout_cave_pods, lair_entry_dummy, gauntlet_entry_generic
D:12:     layout_irregular_city, portal_ice_cave_entry_pillars_2, zin_statuary,
          uniq_rupert, uniq_nessos
D:13:     layout_rooms, david_vaults_1, maelrawn_ghost_gauntlet_escape,
          hangedman_decor_push, onia_ninara_cookie, uniq_erolcha
D:14:     minmay_two_paths, layout_cave_pods
D:15:     grunt_enter_depths_magical_seal, layout_cave_pools,
          gammafunk_ghost_fury_of_okawaru, minivault_26, serial_bayou,
          serial_bayou_pond_b, serial_bayou_ford_a, serial_bayou_lake_a,
          serial_bayou_lagoon_a
Temple:   eino_wide_crystal_templ
Lair:1:   layout_gridlike, nicolae_volcano_entry_batcave,
          infiniplex_staircase_pool_2
Lair:2:   layout_gridlike, guppyfry_snake_entry_garden
Lair:3:   layout_roguey, minmay_shoals_entry_beasts, grunt_megastairs_1
Lair:4:   layout_regular_city, hibernation_bobbens, grunt_megastairs_5
Lair:5:   minmay_lair_end_enchanted_forest, layout_loops_ring, slime_entry_1,
          grunt_forest_large_clearing_hut, lemuel_fruit_tree
Shoals:1: layout_shoals
Shoals:2: layout_shoals, serial_shops, bzr_entry_islet,
          nicolae_shoals_drake_roost
Shoals:3: layout_shoals, nicolae_shoals_sun_and_surf
Snake:1:  layout_cave_pods
Snake:2:  layout_gridlike, st_stairs_1, grunt_ministairs_4
Snake:3:  layout_basic, special_room, nrook_guardian_serpent_ordinary
Snake:4:  grunt_snake_rune_spirals, layout_onion, basic_altar,
          hangedman_snake_corridor_cut, uniq_vashnia, uniq_roxanne
Orc:1:    layout_caves, serial_shops, shop, regret_index_minedec_devilstone
Orc:2:    st_orc_elflike, layout_caves, serial_shops, shop, shop,
          nicolae_shop_clearance

Skill      XL: |  1  2  3  4  5  6  7  8  9 10 11 12 13 14 15 16 17 |
---------------+----------------------------------------------------+-----
Fighting       | 1 2 4 6 7 8 9 12 14 | 14.0
Long Blades    | 1 2 3 4 5 6 8 11 13 | 13.3
Short Blades   | 2 3 4 5 6 7 |  7.2
Stealth        | 5 6 7 8 9 10 12 13 14 15 | 15.0
Hexes          | 5 6 7 8 9 11 12 14 16 17 | 17.9
Ice Magic      | 1 2 |  2.0
Dodging        | 3 4 6 8 9 10 | 10.0
Spellcasting   | 3 4 5 6 7 8 9 |  9.0
Evocations     | 1 2 3 4 5 8 9 10 | 10.0
Shields        | 1 2 3 4 5 6 |  6.0
Conjurations   | 1 2 |  2.0
Armour         | 1 3 4 |  4.5
Throwing       | 1 2 |  2.0
Summonings     | 2 |  2.0
Alchemy        | 2 |  2.0

Action                     |  1- 3 |  4- 6 |  7- 9 | 10-12 | 13-15 | 16-18 || total
---------------------------+-------+-------+-------+-------+-------+-------++-------
  Melee: Dagger            |    44 |    86 |   204 |   563 |  1101 |   410 ||  2408
         Long sword        |    14 |    44 |    59 |    18 |       |       ||   135
         Bite              |     6 |    12 |    32 |    86 |   181 |    68 ||   385
         Scimitar          |       |       |       |    17 |   108 |    13 ||   138
         Headbutt          |       |       |       |       |    49 |    91 ||   140
  Throw: Dart              |       |       |       |       |     1 |       ||     1
         Boomerang         |       |       |       |       |     1 |     3 ||     4
   Cast: Ensorcelled Hiber |     3 |    20 |    81 |   148 |   275 |   134 ||   661
         Confusing Touch   |       |     5 |    10 |    31 |    58 |    21 ||   125
         Tukima's Dance    |       |       |       |     7 |    19 |    32 ||    58
         Dazzling Flash    |       |       |       |     9 |    77 |    62 ||   148
         Cause Fear        |       |       |       |     1 |       |     2 ||     3
         Enfeeble          |       |       |       |       |       |     6 ||     6
Ability: Lunge             |       |       |     8 |    52 |   105 |    95 ||   260
         Whirlwind         |       |       |       |    51 |    59 |    16 ||   126
  Evoke: Wand              |       |       |       |    12 |     5 |     5 ||    22
         Sack of spiders   |       |       |       |       |     1 |     2 ||     3
         Tin of tremorston |       |       |       |       |       |     2 ||     2
    Use: Scroll            |       |     5 |     8 |    16 |    16 |     5 ||    50
         Potion            |       |       |       |     5 |     6 |     2 ||    13
   Stab: Sleeping          |    14 |    18 |    52 |    92 |   182 |   108 ||   466
         Confused          |       |     2 |    13 |    32 |    60 |    12 ||   119
         Distracted        |       |       |     1 |       |     1 |     1 ||     3
         Invisible         |       |       |       |    15 |    73 |    41 ||   129
 Armour: Robe              |    16 |    73 |   126 |   244 |   203 |       ||   662
         Ring mail         |       |       |       |    22 |       |       ||    22
         Leather armour    |       |       |       |       |   267 |   361 ||   628
  Dodge: Dodged            |    29 |    89 |   221 |   433 |   893 |   517 ||  2182
  Block: Buckler           |       |       |       |   104 |   277 |   168 ||   549

Table legend: (Time is in decaauts)
 A = Elapsed time spent in this place.
 B = Non-inter-level travel time spent in this place.
 C = Inter-level travel time spent in this place.
 D = Time resting spent in this place.
 E = Time spent auto-exploring this place.
 F = Levels seen in this place.
 G = Mean time per level.
                   A        B        C        D        E       F      G
               +--------+--------+--------+--------+--------+-----+--------+
         Total |  38981 |  36527 |   2454 |   6846 |  21405 |  34 | 1146.5 |
       Dungeon |  16625 |  15766 |    859 |   1446 |  11308 |  15 | 1108.3 |
        Temple |     33 |     33 |      0 |      0 |     32 |   1 |   33.0 |
          Lair |   9007 |   8297 |    710 |   1569 |   4956 |   5 | 1801.4 |
        Shoals |   2255 |   2185 |     70 |    443 |    978 |   3 |  751.7 |
     Snake Pit |   5805 |   5343 |    462 |   1861 |   2418 |   4 | 1451.2 |
  Orcish Mines |   2905 |   2554 |    351 |    643 |   1285 |   2 | 1452.5 |
        Bazaar |    164 |    164 |      0 |      0 |    105 |   1 |  164.0 |
      Ice Cave |    147 |    147 |      0 |      0 |     78 |   1 |  147.0 |
       Volcano |    883 |    883 |      0 |    386 |     33 |   1 |  883.0 |
      Gauntlet |   1153 |   1153 |      0 |    497 |    212 |   1 | 1153.0 |
               +--------+--------+--------+--------+--------+-----+--------+

Top non-repeatable levels by time:
 Snake:3: 2991 daAuts
  Lair:4: 2235 daAuts
   Orc:2: 1950 daAuts
  Lair:1: 1938 daAuts
  Lair:2: 1808 daAuts
    D:14: 1563 daAuts
  Lair:3: 1513 daAuts
  Lair:5: 1511 daAuts
     D:4: 1409 daAuts
    D:13: 1386 daAuts
     D:9: 1309 daAuts
 Snake:1: 1288 daAuts
    D:11: 1263 daAuts
Gauntlet: 1153 daAuts
     D:2: 1085 daAuts
